Map: [ESL] Royal Blood

Players

BattleB

  • Race: Terran Terran
  • Spawn Location: 7:00

Serral - Winner!

  • Race: Zerg Zerg
  • Spawn Location: 1:00

Event: ESL SC2 Masters 2023 Summer (Regionals)

VOD

Have the link to the VOD?

Description

Time

  • Played on: May 5, 2023, 10:50 a.m.
  • Length: 10:42

All games in this series

Show
View Real Time Build Order
Export as new Build Order

BattleB Terran 

Build Orders: Reaper Expand 

Get SALT Encoding   

  12  0:00  SCV  
  13  0:12  SCV  
  14  0:16  Supply Depot  
  14  0:24  SCV  
  15  0:38  SCV  
  15  0:39  Barracks  
  15  0:42  Refinery  
  16  0:50  SCV  
  17  1:02  SCV  
  18  1:14  SCV  
  19  1:26  Orbital Command, Reaper  
  20  1:38  Command Center  
  20  1:46  Supply Depot  
  20  1:52  SCV  
  21  1:57  Marine  
  22  2:04  SCV  
  23  2:10  Factory  
  23  2:16  SCV  
  23  2:20  Barracks Reactor  
  24  2:24  Bunker  
  24  2:28  SCV  
  25  2:40  SCV  
  26  2:45  Command Center  
  26  2:52  SCV  
  26  2:53  Orbital Command  
  27  3:04  Starport  
  27  3:06  SCV  
  28  3:17  Refinery  
  28  3:18  SCV x2  
  30  3:25  Hellion  
  32  3:27  Hellion  
  32  3:33  SCV x2  
  36  3:43  Viking  
  36  3:45  SCV x2  
  39  3:53  Hellion x2, Barracks Tech Lab  
  43  3:57  Orbital Command  
  43  4:00  SCV x2  
  45  4:12  SCV x2  
  45  4:14  Hellion x2  
  45  4:16  Liberator  
  54  4:19  Stimpack  
  54  4:23  SCV  
  56  4:24  SCV  
  56  4:25  Supply Depot  
  56  4:26  SCV  
  56  4:28  Marine  
  58  4:36  SCV  
  60  4:40  Supply Depot  
  60  4:41  Hellion  
  61  4:47  SCV, Hellion  
  61  4:48  SCV, Marine  
  61  4:49  Supply Depot  
  66  4:58  Engineering Bay, Refinery  
  66  4:59  Engineering Bay, Refinery, SCV  
  67  5:00  SCV  
  67  5:03  Starport Reactor  
  67  5:04  Supply Depot  
  67  5:06  Marine  
  69  5:09  Orbital Command  
  69  5:14  SCV x2  
  69  5:15  Barracks  
  69  5:18  Barracks  
  69  5:19  Factory Reactor  
  69  5:24  Marine  
  69  5:26  SCV  
  69  5:27  Terran Infantry Weapons Level 1, SCV, Terran Infantry Armor Level 1  
  70  5:35  Barracks  
  70  5:36  Barracks, SCV  
  70  5:39  SCV  
  70  5:42  Marine  
  73  5:43  SCV  
  73  5:48  SCV  
  74  5:50  Medivac x2  
  74  5:51  SCV, Supply Depot  
  74  5:55  SCV  
  80  6:00  SCV  
  80  6:01  Marine, Combat Shield  
  80  6:03  Marine x2  
  84  6:08  SCV x2, Factory Reactor  
  86  6:14  SCV  
  86  6:15  Marine x2  
  86  6:16  Supply Depot  
  86  6:17  Supply Depot  
  89  6:20  SCV  
  89  6:21  Marine x2  
  89  6:22  Medivac x2  
  89  6:23  Barracks Reactor x2  
  96  6:25  Marine  
  96  6:28  SCV  
  96  6:30  SCV  
  96  6:32  SCV  
  100  6:33  Marine  
  100  6:38  Marine  
  100  6:39  Marine, Marauder, Armory  
  105  6:40  Supply Depot  
  105  6:41  Supply Depot  
  105  6:49  Command Center  
  105  6:52  Marine x2  
  105  6:53  Widow Mine x2  
  111  6:59  Medivac x2  
  111  7:00  Marine x2  
  117  7:01  Marine  
  117  7:04  Marine x2, Supply Depot  
  117  7:05  Marine x2  
  122  7:11  Refinery x2  
  122  7:13  SCV x2  
  122  7:14  Marine x2  
  126  7:20  Marine x2  
  126  7:21  Widow Mine x2  
  132  7:24  Factory  
  132  7:27  Supply Depot  
  121  7:30  SCV x2  
  121  7:31  Marine  
  121  7:33  Marine x2  
  125  7:37  Marine x3  
  125  7:39  Liberator x2  
  134  7:44  SCV  
  134  7:47  Marine x2  
  134  7:50  Widow Mine x2  
  134  7:51  Marine x2  
  128  7:53  Marine  
  128  7:56  Marine x3  
  128  7:57  Marine  
  128  8:00  SCV x3  
  128  8:01  Terran Infantry Weapons Level 2  
  128  8:04  Marine  
  130  8:08  Marine  
  130  8:09  Marine  
  127  8:13  Marine  
  127  8:14  Marine  
  127  8:15  Marauder  
  127  8:16  Widow Mine  
  127  8:17  Widow Mine, Marine x3  
  131  8:20  Factory Tech Lab  
  131  8:22  SCV  
  131  8:23  Marine  
  131  8:26  Marine  
  131  8:27  Marine  
  134  8:28  SCV x2  
  134  8:31  Marine  
  138  8:38  Widow Mine x2, Terran Vehicle And Ship Armor Level 1  
  142  8:42  Planetary Fortress  
  142  8:47  Marine x6  
  145  8:48  Marine  
  145  8:49  Marine x2  
  145  8:51  SCV  
  129  8:57  Liberator x2  
  129  8:59  Widow Mine  
  129  9:00  SCV x2  
  139  9:04  Marine  
  139  9:06  Widow Mine  
  139  9:07  Widow Mine  
  144  9:12  Marine x4  
  144  9:16  Marine x2  
  144  9:20  Widow Mine  
  145  9:24  Marine  
  145  9:25  Marauder, Marine  
  145  9:28  Widow Mine  
  145  9:29  Marine x2  
  145  9:30  Widow Mine  
  145  9:32  Marine x2  
  145  9:34  Marine x2  
  144  9:42  Marine  
  144  9:43  Marine  
  145  9:46  Marauder  
  145  9:47  Marine x2  
  145  9:49  Widow Mine x2  
  145  9:50  Marine x2  
  145  9:51  Barracks  
  152  9:53  Barracks, Command Center  
  152  9:54  SCV  
  152  9:55  Barracks, Marine x2  
  155  10:00  Marine  
  155  10:05  Sensor Tower  
  156  10:07  Supply Depot  
  156  10:09  Supply Depot  
  156  10:12  Supply Depot  
  149  10:29  Supply Depot  
Show
View Real Time Build Order
Export as new Build Order

Serral Zerg - Winner!

Build Orders: Hatch First 

Get SALT Encoding   

  12  0:00  Drone  
  13  0:12  Overlord  
  13  0:17  Drone  
  14  0:31  Drone x2  
  16  0:47  Hatchery  
  15  0:51  Drone  
  15  0:54  Drone  
  17  0:57  Drone  
  18  1:08  Extractor  
  17  1:13  Spawning Pool  
  17  1:16  Drone  
  17  1:19  Drone  
  18  1:29  Drone  
  19  1:39  Drone  
  20  1:49  Drone  
  21  1:59  Queen x2  
  21  2:00  Zergling x2  
  21  2:01  Zergling x2  
  27  2:14  Overlord  
  27  2:15  Drone  
  28  2:22  Metabolic Boost  
  28  2:29  Hatchery  
  27  2:30  Drone  
  27  2:35  Drone  
  27  2:36  Drone  
  30  2:43  Queen  
  31  2:48  Overlord  
  31  2:51  Drone  
  31  2:53  Drone  
  31  2:56  Drone  
  31  2:58  Drone  
  35  3:09  Overlord  
  35  3:10  Drone  
  35  3:12  Drone x3  
  39  3:15  Drone  
  39  3:17  Queen  
  42  3:21  Drone  
  43  3:27  Queen  
  43  3:29  Drone  
  43  3:31  Drone  
  47  3:40  Drone  
  48  3:42  Drone x2  
  48  3:43  Queen  
  48  3:46  Overlord  
  51  3:53  Queen, Zergling x4  
  55  3:58  Zergling x4  
  55  3:59  Overlord  
  57  4:04  Queen  
  57  4:06  Drone x2  
  57  4:09  Overlord  
  61  4:13  Drone  
  61  4:15  Drone  
  63  4:20  Overlord  
  63  4:24  Drone x3  
  63  4:25  Drone  
  63  4:26  Drone x3  
  63  4:27  Drone  
  71  4:31  Drone  
  71  4:35  Overlord x2  
  71  4:36  Drone  
  71  4:37  Drone  
  74  4:38  Drone  
  74  4:41  Lair  
  75  4:46  Baneling Nest  
  75  4:49  Zergling x6  
  75  4:51  Drone  
  75  4:52  Drone x2  
  80  4:58  Hatchery  
  79  5:02  Spore Crawler  
  79  5:04  Extractor, Drone x2  
  79  5:06  Extractor, Spore Crawler  
  77  5:08  Drone x2  
  77  5:11  Queen  
  77  5:13  Zergling x4  
  83  5:17  Drone x4  
  87  5:21  Drone x3  
  87  5:22  Drone  
  91  5:30  Drone  
  91  5:31  Evolution Chamber  
  91  5:32  Overlord, Evolution Chamber  
  91  5:33  Drone  
  91  5:39  Overlord  
  91  5:40  Drone x2  
  91  5:41  Drone  
  94  5:44  Drone x2  
  94  5:46  Extractor  
  94  5:47  Extractor, Drone  
  94  5:48  Drone  
  96  5:50  Drone  
  96  5:54  Drone x2  
  99  5:58  Zerg Ground Armor Level 1, Zerg Melee Weapons Level 1  
  99  6:00  Drone x4  
  103  6:07  Drone  
  103  6:08  Drone x2  
  103  6:10  Overlord  
  106  6:12  Queen  
  106  6:14  Centrifugal Hooks, Overlord  
  106  6:15  Zergling x4  
  106  6:17  Zergling x2  
  111  6:21  Hatchery, Overlord  
  111  6:22  Zergling x2  
  111  6:23  Zergling x8  
  115  6:28  Baneling x9  
  115  6:30  Infestation Pit  
  115  6:31  Zergling x6  
  115  6:32  Overseer  
  117  6:35  Overlord  
  117  6:37  Zergling x6  
  120  6:43  Drone  
  120  6:44  Drone  
  120  6:46  Drone  
  123  6:48  Hatchery  
  123  6:49  Zergling x2  
  123  6:50  Zergling x12  
  123  6:53  Baneling x9  
  129  6:59  Zergling x14  
  136  7:06  Zergling x2  
  136  7:07  Zergling x8  
  141  7:10  Hive  
  140  7:17  Zergling x20  
  140  7:22  Pneumatized Carapace  
  149  7:23  Overlord, Overseer  
  149  7:27  Overlord  
  145  7:31  Baneling  
  145  7:32  Baneling x3  
  145  7:33  Zergling x6  
  145  7:35  Overlord, Zergling x2  
  145  7:36  Queen  
  151  7:41  Baneling  
  151  7:42  Baneling x8  
  151  7:47  Zergling x8  
  151  7:48  Zergling x16  
  134  7:58  Zergling x2  
  134  7:59  Zergling x8  
  134  8:01  Zerg Ground Armor Level 2, Zerg Melee Weapons Level 2  
  137  8:09  Zergling x20  
  143  8:14  Zergling x18  
  149  8:20  Overlord  
  149  8:21  Baneling x3  
  149  8:24  Adrenal Glands  
  149  8:25  Zergling x10  
  154  8:28  Drone  
  154  8:32  Drone x2  
  154  8:33  Drone x3  
  160  8:36  Drone x3  
  162  8:42  Zergling x22  
  171  8:50  Zergling x20  
  180  8:57  Zergling x12  
  186  9:03  Hatchery, Spore Crawler, Viper x2  
  186  9:07  Overlord  
  190  9:11  Baneling x8  
  173  9:17  Zergling x12  
  173  9:18  Zergling x18  
  184  9:26  Zergling x18  
  179  9:32  Drone  
  179  9:33  Zergling x14  
  179  9:39  Baneling  
  179  9:41  Overseer  
  177  9:46  Baneling x14  
  177  9:48  Extractor, Drone  
  177  9:49  Drone  
  177  9:51  Drone x2  
  177  9:52  Drone x2  
  175  9:53  Drone x3, Spore Crawler  
  175  9:54  Drone x3  
  175  9:55  Baneling x2  
  178  10:03  Zergling x26  
  191  10:09  Drone x3  
  191  10:10  Drone  
  191  10:11  Zergling x2  
  191  10:12  Zergling x4  
  196  10:18  Baneling x6  
  195  10:23  Drone  
  195  10:24  Drone  
Tags
 
Add a new tag
Caveats
  • Supply blocks, unpowered buildings, or Contaminate may cause inaccurate times.
  • Supply counts are checked every 10 seconds.